 Dungeon Crawl Stone Soup version 0.20-a0-463-g5747544 (webtiles) character file.

51 Amnesiac the Vexing (level 3, 0/24 HPs)
             Began as a Mummy Enchanter on Jan 10, 2017.
             Slain by an ice beast (6 damage)
             ... on level 5 of the Dungeon.
             The game lasted 00:02:03 (789 turns).

Amnesiac the Vexing (Mummy Enchanter)                Turns: 789, Time: 00:02:04

Health: 0/24       AC:  3    Str: 11    XL:     3   Next: 58%
Magic:  7/8        EV: 12    Int: 14    God:
Gold:   76         SH:  0    Dex: 13    Spells: 2/9 levels left

rFire  x . .     SeeInvis .     e - +0 whip (venom)
rCold  + . .     Gourm    .     b - +0 robe
rNeg   + + +     Faith    .     (no shield)
rPois  ∞         Spirit   .     (no helmet)
rElec  .         Reflect  .     f - +0 cloak
rCorr  .         Harm     .     (no gloves)
MR     .....                    (no boots)
Stlth  ++........               (no amulet)
                                (no ring)
                                (no ring)

@: no status effects
A: no food or potions, fire vulnerability, cold resistance 1, negative energy
resistance 3, torment resistance, unbreathing
a: no special abilities


You were on level 5 of the Dungeon.
You were not hungry.

You visited 1 branch of the dungeon, and saw 5 of its levels.

You collected 76 gold pieces.

Inventory:

Hand Weapons
 a - a +1 dagger
 e - a +0 whip of venom (weapon)
Armour
 b - a +0 robe (worn)
 f - a +0 cloak (worn)
Scrolls
 d - a scroll of enchant weapon {unknown}
 g - a scroll of identify {unknown}
Books
 c - a book of Maledictions

   Spells                             Type                      Level
   a - Corona                         Hexes                        1
   b - Ensorcelled Hibernation        Hexes/Ice                    2
   c - Confuse                        Hexes                        3
   d - Tukima's Dance                 Hexes                        3
   e - Dazzling Spray                 Conjuration/Hexes            3


   Skills:
 - Level 0.7 Short Blades
 - Level 1.5 Dodging
 - Level 2.4 Stealth
 + Level 3.6 Spellcasting
 * Level 3.7 Hexes


You had 2 spell levels left.
You knew the following spells:

 Your Spells              Type           Power        Failure   Level  Hunger
e - Confuse               Hex            ##......     14%         3    N/A
f - Corona                Hex            ##.....      4%          1    N/A
w - Tukima's Dance        Hex            ##......     14%         3    N/A

Dungeon Overview and Level Annotations

Branches:
Dungeon (5/15)
 Temple: D:4-7

Altars:


Innate Abilities, Weirdness & Mutations

You do not eat or drink.
Your flesh is vulnerable to fire.
You are immune to poison.
Your flesh is cold resistant. (rC+)
You are immune to negative energy. (rN+++)
You are immune to unholy pain and torment.
You can survive without breathing.


Message History

The shadow imp is moderately wounded.
The shadow imp closely misses you.
You hit the shadow imp.
The shadow imp is severely wounded.
The shadow imp barely misses you.
You closely miss the shadow imp.
The shadow imp is almost dead.
You kill the shadow imp!
Found a scroll labeled JIVVIATIYH.
The helpless ice beast fails to defend itself.
You hit the ice beast but do no damage.
The ice beast is poisoned.
The ice beast hits you. The ice beast freezes you. You resist.
You hit the ice beast but do no damage.
The ice beast looks as sick as possible!
The ice beast is lightly wounded.
The ice beast hits you. The ice beast freezes you. You resist.
The ice beast hits you.
* * * LOW HITPOINT WARNING * * *
The ice beast freezes you. You resist.
You die...

.....#.#.##.#
.......(..#.#
..........#.#
............#####
#.........(.
#.##<.......
#..#........
##.#........
#.?@Y.######
#.....# #.....#
.........
##........#
##.......#
#.......#
#.......#


You could see an ice beast.

Vanquished Creatures
  A worker ant (D:4)
  A shadow imp (D:5)
  An ooze (D:2)
  A worm (D:3)
  2 leopard geckos
  2 goblins
  A hobgoblin (D:2)
  A frilled lizard (D:3)
  A kobold (D:1)
11 creatures vanquished.

Notes
Turn   | Place    | Note
-------+----------+-------------------------------------------
     0 | D:1      | Amnesiac the Mummy Enchanter began the quest for the Orb.
     0 | D:1      | Reached XP level 1. HP: 13/13 MP: 4/4
   582 | D:2      | Reached XP level 2. HP: 19/19 MP: 6/6
   744 | D:4      | Reached XP level 3. HP: 23/24 MP: 7/7
   749 | D:4      | Learned a level 3 spell: Confuse
   753 | D:4      | Learned a level 3 spell: Tukima's Dance
   771 | D:5      | Entered Level 5 of the Dungeon
   771 | D:5      | Noticed an ice beast
   789 | D:5      | Slain by an ice beast

Vault maps used:
D:1:      dpeg_arrival_three_same_balls
D:2:      first_bread, minmay_tetromino_l2
D:3:      kennysheep_crisscross, tgw_trog, uniq_crazy_yiuf_cottage
D:4:      serial_shops, nicolae_shop_temple_entry_statues_fountains,
          minmay_splitting_lines

Skill      XL: |  1 |
---------------+----+-----
Spellcasting   | 3 |  3.6
Hexes          | 3 |  3.7
Short Blades   | |  0.7
Dodging        | |  1.5
Stealth        | |  2.4

Action                   || total
-------------------------++-------
Melee: Whip              ||    31
       Dagger            ||     8
 Cast: Corona            ||     4
 Stab: Sleeping          ||     3
Armor: Robe              ||     6
Dodge: Dodged            ||    25
